 Dungeon Crawl Stone Soup version 0.31.0-9-g3a7656b989 (webtiles) character file.

Game seed: 6755123510697117319

163 Malachi the Ruffian (level 5, -1/37 HPs)
             Began as a Merfolk Shapeshifter on Jan 31, 2024.
             Was a Believer of Sif Muna.
             Slain by a gnoll
             ... wielding a +0 spear
              (5 damage)
             ... on level 3 of the Dungeon.
             The game lasted 00:01:59 (2399 turns).

Malachi the Ruffian (Merfolk Shapeshifter)          Turns: 2399, Time: 00:02:00

Health: -1/37      AC:  8    Str: 16    XL:     5   Next: 44%
Magic:  5/5        EV:  8    Int: 10    God:    Sif Muna [**....]
Gold:   180        SH:  0    Dex: 13    Spells: 4/4 levels left

rFire   . .          .
                       - Unarmed
rCold   . . .        (no shield)
rNeg    . . .        e - +0 chain mail
rPois   .            (helmet currently unavailable)
rElec   .            (cloak currently unavailable)
rCorr   .            (gloves currently unavailable)
SInv    .            (boots currently unavailable)
Will    .....        (no amulet) Stlth
                     (no ring)
HPRegen 0.26/turn    (no ring)
MPRegen 0.09/turn

%: no passive effects
@: beast-form
A: beast (slay +2), (nimble swimmer 2), mertail
a: Begin Untransformation, Renounce Religion, Channel Magic


You were on level 3 of the Dungeon.
You worshipped Sif Muna.
Sif Muna was pleased with you.
You were a hulking beast.
You visited 1 branch of the dungeon, and saw 3 of its levels.

You collected 180 gold pieces.

Inventory:

Missiles
 s - 2 boomerangs (quivered)
Armour
 e - a +0 chain mail (worn)
Jewellery
 j - a +6 ring of intelligence
 r - a +5 ring of evasion
Talismans
 c - a beast talisman
 d - a flux talisman
Scrolls
 k - 4 scrolls of identify {unknown}
 l - a scroll of vulnerability {unknown}
 n - a scroll of fear {unknown}
 o - 2 scrolls of enchant weapon {unknown}
 q - a scroll of noise {unknown}
Potions
 a - a potion of magic {unknown}
 b - 2 potions of lignification
 f - 2 potions of ambrosia {unknown}
 g - 2 potions of haste {unknown}
 h - 3 potions of curing {unknown}
 i - a potion of heal wounds {unknown}
 m - a potion of enlightenment {unknown}
 p - 2 potions of brilliance {unknown}


   Skills:
 + Level 1.5 Fighting
 + Level 1.1 Armour
 + Level 3.1 Dodging
 + Level 5.3 Unarmed Combat
 + Level 4.8 Shapeshifting


You had 4 spell levels left.
You didn't know any spells.
Your spell library contained the following spells:

 Spells                   Type           Power      Damage    Failure   Level
 Magic Dart               Conj           0%         1d3       99%         1
 Blink                    Tloc           0%         N/A       100%        2
 Call Imp                 Summ           0%         N/A       100%        2
 Hailstorm                Conj/Ice       0%         3d5       100%        3
 Summon Ice Beast         Ice/Summ       0%         N/A       100%        3
 Sculpt Simulacrum        Ice/Alch       0%         N/A       100%        6


Dungeon Overview and Level Annotations

Branches:
Dungeon (3/15)

Altars:
Cheibriados
Sif Muna
Xom


Innate Abilities, Weirdness & Mutations

You are a hulking beast.
Your limbs bulge with bestial killing power. (Slay +2)
((You are very nimble when in or above water. (Stealth+, EV+, Speed+++)))
Your lower body shifts to a powerful aquatic tail in water.


Message History

The gnoll hits you with a +0 spear. The gnoll barely misses you.
You see here a +0 club.
You hit the gnoll.
The gnoll is heavily wounded.
The gnoll hits you but does no damage.
The gnoll hits you from afar with a +0 halberd.
You completely miss the gnoll.
The gnoll is heavily wounded.
The gnoll hits you but does no damage. The gnoll completely misses you.
You hit the gnoll. You punch the gnoll.
The gnoll is almost dead.
The gnoll barely misses you. The gnoll closely misses you.
You hit the gnoll.
The gnoll is almost dead.
The gnoll hits you with a +0 spear. The gnoll hits you but does no damage.
You hit the gnoll but do no damage.
The gnoll is almost dead.
The gnoll hits you with a +0 spear.
The gnoll hits you from afar with a +0 halberd!
You are too injured to fight recklessly!
You are too injured to fight recklessly!
You are too injured to fight recklessly!
You are too injured to fight recklessly!
You are too injured to fight recklessly!
You are too injured to fight recklessly!
You are too injured to fight recklessly!
You are too injured to fight recklessly!
You are too injured to fight recklessly!
You are too injured to fight recklessly!
You are too injured to fight recklessly!
You are too injured to fight recklessly!
You are too injured to fight recklessly!
You are too injured to fight recklessly!
You barely miss the gnoll.
The gnoll is almost dead.
The gnoll barely misses you.
The gnoll hits you from afar with a +0 halberd!
* * * LOW HITPOINT WARNING * * *
The gnoll hits you from afar with a +0 spear.
You die...

#....'.#####
#.......
#....#.....#
#.......
###....+.....#
#.......
#......##....#
#.......
#.##...##....#
#.......
#............#
#.......
###.....#)...#
########
#.....#....#
#...#h#....#
#.###)#....#
### #g######
......gg.#
.........#
.........#
.........#
.........#
#####+####


You could see 3 gnolls.

Vanquished Creatures
  Jessica (D:2)
  A gnoll (D:3)
  5 adders
  2 dart slugs
  A ribbon worm (D:2)
  An orc (D:3)
  7 ball pythons
  10 bats
  6 endoplasms
  3 giant cockroaches
  9 goblins
  7 hobgoblins
  5 jackals
  A quokka (D:1)
  7 frilled lizards
  5 kobolds
  6 rats
  A butterfly (D:3)
78 creatures vanquished.

Notes
Turn   | Place    | Note
-------+----------+-------------------------------------------
     0 | D:1      | Malachi the Merfolk Shapeshifter began the quest for the
                  | Orb.
     0 | D:1      | Reached XP level 1. HP: 15/15 MP: 1/1
   271 | D:1      | Reached XP level 2. HP: 18/21 MP: 2/2
   495 | D:1      | Reached XP level 3. HP: 26/26 MP: 3/3
   843 | D:2      | Reached skill level 4 in Unarmed Combat
  1012 | D:2      | Found a faded altar of an unknown god.
  1213 | D:2      | Prayed at the altar of an unknown god.
  1213 | D:2      | Became a worshipper of Sif Muna the Loreminder
  1213 | D:2      | Reached * piety under Sif Muna
  1288 | D:2      | Identified the +7 sling "Goulegec" {drain, Fly rF+ Str+5}
  1413 | D:2      | Reached XP level 4. HP: 32/32 MP: 4/4
  1420 | D:2      | Noticed Jessica
  1426 | D:2      | Killed Jessica
  1626 | D:2      | Reached skill level 5 in Unarmed Combat
  1787 | D:3      | Reached XP level 5. HP: 37/37 MP: 5/5
  1796 | D:3      | Found a snail-covered altar of Cheibriados.
  1827 | D:3      | Found a shimmering altar of Xom.
  2021 | D:3      | Reached skill level 1 in Armour
  2027 | D:3      | Reached ** piety under Sif Muna
  2399 | D:3      | Slain by a gnoll

Illustrated notes

Levels and vault maps discovered:
D:1:      lemuel_arrival_cross, layout_loops_ring, hangedman_glass_teeth,
          serial_bayou_lagoon_b
D:2:      minmay_chambers_of_twos, layout_basic,
          shapermc_ecumenical_altar_flowoftime, st_stairs_9,
          minmay_tetromino_l2, uniq_jessica
D:3:      layout_basic, kennysheep_slug_shrine, xom_butterflies

Skill      XL: |  1  2  3  4  5 |
---------------+----------------+-----
Unarmed Combat | 4 5 |  5.3
Dodging        | 3 |  3.1
Armour         | 1 |  1.1
Fighting       | |  1.5
Shapeshifting  | |  4.8

Action                     |  1- 3 |  4- 6 || total
---------------------------+-------+-------++-------
  Melee: Unarmed           |   100 |    92 ||   192
         Punch             |       |     3 ||     3
         Tailslap          |       |     1 ||     1
 Armour: Chain mail        |    56 |    73 ||   129
  Dodge: Dodged            |    30 |    31 ||    61
